Stars vs Devils

Created - 22 décembre 2023 at 18:36

Goals
1 2 3 T
Stars 0 1 1 2
Devils 1 1 2 4
Shots
1 2 3 T
Stars 12 10 14 36
Devils 13 14 13 40

GoalsPenalties
1st period
1. Devils , Tyler Seguin 7 (Torey Krug 9, Johnathan Kovacevic 6) at 12:33
Kris Letang (DAL) for Interference (Minor) at 18:47
2nd period
2. Devils , Logan Couture 13 (Gustav Forsling 14, Victor Hedman 13) at 0:37 (PP)
3. Stars , Conor Sheary 13 (Jordan Martinook 13, Kris Letang 13) at 14:26
Gustav Forsling (NJD) for Holding Stick (Minor) at 19:45
3rd period
4. Devils , Filip Chytil 18 (Roope Hintz 20) at 5:05
5. Stars , Conor Sheary 14 (Joe Pavelski 21, Jordan Martinook 14) at 11:54
6. Devils , Jesper Bratt 18 (Eetu Luostarinen 14, Erik Haula 20) at 19:50 (Empty Net)
Jordan Staal (DAL) for Hooking (Minor) at 5:08
Goalie Stats
Philipp Grubauer (DAL), 36 saves from 39 shots - (0,923), L, 18-16-8, 59:12 minutes
Elvis Merzlikins (NJD), 34 saves from 36 shots - (0,944), W, 6-4-2, 60:00 minutes
3 StarsOfficial
1 - Conor Sheary (DAL)
2 - Filip Chytil (NJD)
3 - Tyler Seguin (NJD)
Referees : Kendrick Nicholson and Michael Markovic
Linesman : Diana Mokhova and Doug Krell
Game Note
Jesper Bratt has scored in a empty net!
Finance
Level 1 -- Attendance: 4742 (79%) -- Ticket Income $474,200
Level 2 -- Attendance: 3866 (77%) -- Ticket Income $231,960
Level 3 -- Attendance: 2017 (66%) -- Ticket Income $80,680
Level 4 -- Attendance: 2929 (73%) -- Ticket Income $58,580
Luxury Box -- Attendance: 1000 (100%) -- Ticket Income $200,000
Game was played at the Continental Airlines Arena.
Total Attendance: 14554 (76%)
Total Ticket Income: $1,045,420
Other Income: $313,626
Total Income: $1,359,046



Team Name Goals Shots Shots Attemp Shots Blocked PIM HIT PP PK FO%
Stars 23667124200 / 1 (0%)150%
Devils 44069152201 / 2 (50%)050%

Stars
Player Name POS G A P +/- PIM HIT SHT SB MP PP MP PP SHT PK MP PK SHT FO% FOT GA TA
Calle JarnkrokLW/RW000-1022117:441:1310:470100% 111
Conor ShearyLW/RW2021024017:320:4600:0000% 111
Dmitry KulikovD0000020017:180:0001:5700% 011
Evgenii DadonovLW/RW0000006014:031:1000:0000% 000
Jamie BennC/LW000-2013219:341:1301:10054% 2410
Jaycob MegnaD0000001114:500:0000:0000% 000
Joe PavelskiC/RW0110011019:021:1300:07062% 1310
Joel ArmiaLW/RW0000043012:530:0000:0000% 000
Jordan MartinookLW/RW0221022018:340:0001:5300% 100
Jordan StaalC/LW000-2202019:020:4601:01033% 300
Kris LetangD0110201322:550:4901:0700% 011
Liam O'BrienLW000001208:000:0000:1200% 000
Mark GiordanoD000-1011120:551:1001:5200% 000
Nick BjugstadC/RW0000011014:330:4600:49038% 1300
Nick BoninoC/LW000000219:010:0001:39050% 200
Ryan SuterD000-1024220:360:0002:1400% 001
Shayne GostisbehereD0000000022:150:4900:2800% 011
Tyler PitlickRW000001117:220:0000:0000% 000
Devils
Player Name POS G A P +/- PIM HIT SHT SB MP PP MP PP SHT PK MP PK SHT FO% FOT GA TA
Eetu LuostarinenC/LW0110021117:250:0000:5600% 010
Erik HaulaC/LW0110021117:130:0001:03050% 1400
Filip ChytilC/LW1012021018:041:4900:0000% 000
Gustav ForslingD011-1212119:042:1410:0000% 000
Henri JokiharjuD000-1030317:400:0000:5500% 000
Isac LundestromC/LW000000119:230:0000:0000% 000
Jesper BrattLW/RW1010005119:262:0000:0000% 211
Johnathan KovacevicD0110004118:270:0001:0900% 003
Logan CoutureC101-1015115:352:0011:03040% 2000
Morgan FrostC000000309:230:0000:00060% 500
Peyton KrebsC/LW000000000:000:0000:0000% 000
Roope HintzC0112013118:531:4900:56073% 1510
Ryan PulockD0002010021:440:4500:5000% 001
Teuvo TeravainenLW/RW000-1041118:550:0000:0000% 011
Torey KrugD0110010119:071:3500:1400% 010
Tyler SeguinC/RW1012015018:301:4900:0000% 000
Victor HedmanD0112012223:583:0400:5000% 011
Viktor ArvidssonLW/RW000-1006015:132:0000:0000% 200

Stars

5 vs 5 Forward
Line #Left WingCenterRight WingPHYDFOFWanted %Time %Time Play
1Jordan StaalJamie BennCalle Jarnkrok1223630%16:10
2Conor ShearyJoe PavelskiJordan Martinook1223432%16:46
3Joel ArmiaNick BjugstadEvgenii Dadonov1402524%12:53
4Liam O'BrienNick BoninoTyler Pitlick140514%7:22
5 vs 5 Defense
Line #DefenseDefensePHYDFOFWanted %Time %Time Play
1Kris LetangShayne Gostisbehere0413838%19:57
2Mark GiordanoRyan Suter1403535%18:22
3Jaycob MegnaDmitry Kulikov1402728%14:50
4Kris LetangMark Giordano14000%0:02
Power Play Forward
Line #Left WingCenterRight WingPHYDFOFWanted %Time %Time Play
1Calle JarnkrokJamie BennJoe Pavelski0145561%1:13
2Conor ShearyJordan StaalNick Bjugstad0144539%0:46
Power Play Defense
Line #DefenseDefensePHYDFOFWanted %Time %Time Play
1Kris LetangShayne Gostisbehere1225041%0:49
2Mark GiordanoEvgenii Dadonov1225059%1:10
Penalty Kill 4 Players Forward
Line #CenterWingPHYDFOFWanted %Time %Time Play
1Jordan StaalJordan Martinook1405579%3:00
2Nick BoninoNick Bjugstad1404521%0:49
Penalty Kill 4 Players Defense
Line #DefenseDefensePHYDFOFWanted %Time %Time Play
1Kris LetangMark Giordano1405049%1:52
2Ryan SuterDmitry Kulikov1405051%1:57
Penalty Kill 3 Players
Line #WingPHYDFOFWanted %Time %Time PlayDefenseDefensePHYDFOFWanted %Time %Time Play
1Jordan Staal050550%0:00 Kris LetangMark Giordano140500%0:00
2Nick Bonino050450%0:00 Ryan SuterDmitry Kulikov140500%0:00
4 vs 4 Forward
Line #CenterWingPHYDFOFWanted %Time %Time Play
1Jamie BennJordan Staal122500%0:00
2Joe PavelskiConor Sheary122500%0:00
4 vs 4 Defense
Line #DefensePHYDFOFWanted %Time %Time Play
1Kris LetangMark Giordano131550%0:00
2Shayne GostisbehereRyan Suter131450%0:00
Last Minutes Offensive
Left WingCenterRight WingDefenseDefense
Jordan StaalJamie BennJoe PavelskiKris LetangShayne Gostisbehere
Last Minutes Defensive
Left WingCenterRight WingDefenseDefense
Nick BoninoJordan StaalJordan MartinookRyan SuterMark Giordano
Time
Total ForwardTotal DefenseLast Minutes OffensiveLast Minutes Defensive
60:00 60:00 1:010:00
Extra Forwards
Normal PowerPlayPenalty Kill
Conor Sheary, Evgenii Dadonov, Calle JarnkrokJoe Pavelski, Nick BjugstadJamie Benn
Extra Defensemen
Normal PowerPlayPenalty Kill
Jaycob Megna, Kris Letang, Mark GiordanoDmitry Kulikov, Ryan SuterShayne Gostisbehere
Penalty Shots
Jamie Benn, Joe Pavelski, Shayne Gostisbehere, Conor Sheary, Kris Letang
Goalie
Philipp Grubauer, Thomas Greiss
Scratches
None

Devils

5 vs 5 Forward
Line #Left WingCenterRight WingPHYDFOFWanted %Time %Time Play
1Teuvo TeravainenLogan CoutureViktor Arvidsson0232823%12:27
2Filip ChytilRoope HintzTyler Seguin0232830%16:13
3Eetu LuostarinenErik HaulaJesper Bratt0232830%16:09
4Isac LundestromMorgan FrostTeuvo Teravainen0231617%9:23
5 vs 5 Defense
Line #DefenseDefensePHYDFOFWanted %Time %Time Play
1Victor HedmanRyan Pulock0323637%20:04
2Gustav ForslingHenri Jokiharju0323231%16:51
3Torey KrugJohnathan Kovacevic0323232%17:17
4Victor HedmanRyan Pulock03200%0:00
Power Play Forward
Line #Left WingCenterRight WingPHYDFOFWanted %Time %Time Play
1Filip ChytilRoope HintzTyler Seguin0055048%1:49
2Jesper BrattLogan CoutureViktor Arvidsson0055052%2:00
Power Play Defense
Line #DefenseDefensePHYDFOFWanted %Time %Time Play
1Torey KrugVictor Hedman0055041%1:35
2Gustav ForslingVictor Hedman0055059%2:14
Penalty Kill 4 Players Forward
Line #CenterWingPHYDFOFWanted %Time %Time Play
1Logan CoutureErik Haula0505053%1:03
2Roope HintzEetu Luostarinen0055047%0:56
Penalty Kill 4 Players Defense
Line #DefenseDefensePHYDFOFWanted %Time %Time Play
1Victor HedmanRyan Pulock0505042%0:50
2Gustav ForslingJohnathan Kovacevic0505058%1:09
Penalty Kill 3 Players
Line #WingPHYDFOFWanted %Time %Time PlayDefenseDefensePHYDFOFWanted %Time %Time Play
1Erik Haula050500%0:00 Victor HedmanRyan Pulock050500%0:00
2Eetu Luostarinen050500%0:00 Gustav ForslingJohnathan Kovacevic050500%0:00
4 vs 4 Forward
Line #CenterWingPHYDFOFWanted %Time %Time Play
1Logan CoutureViktor Arvidsson023500%0:00
2Roope HintzTyler Seguin023500%0:00
4 vs 4 Defense
Line #DefensePHYDFOFWanted %Time %Time Play
1Victor HedmanRyan Pulock032500%0:00
2Gustav ForslingTorey Krug032500%0:00
Last Minutes Offensive
Left WingCenterRight WingDefenseDefense
Jesper BrattLogan CoutureViktor ArvidssonVictor HedmanTorey Krug
Last Minutes Defensive
Left WingCenterRight WingDefenseDefense
Eetu LuostarinenErik HaulaTeuvo TeravainenVictor HedmanRyan Pulock
Time
Total ForwardTotal DefenseLast Minutes OffensiveLast Minutes Defensive
60:00 60:00 0:000:00
Extra Forwards
Normal PowerPlayPenalty Kill
Tyler Seguin, Jesper Bratt, Viktor ArvidssonTeuvo Teravainen, Eetu LuostarinenIsac Lundestrom
Extra Defensemen
Normal PowerPlayPenalty Kill
Torey Krug, Henri Jokiharju, Victor HedmanRyan Pulock, Henri JokiharjuTorey Krug
Penalty Shots
Jesper Bratt, Roope Hintz, Logan Couture, Tyler Seguin, Viktor Arvidsson
Goalie
Elvis Merzlikins, Stuart Skinner
Scratches
None


Play-by-Play

1st period


0:01 of 1st period - Logan Couture wins face-off versus Jamie Benn in neutral zone.
0:28 of 1st period - Roope Hintz is hit by Conor Sheary and loses puck.
0:46 of 1st period - Icing by Joe Pavelski.
0:47 of 1st period - Joe Pavelski wins face-off versus Erik Haula in Stars zone.
0:52 of 1st period - Erik Haula is hit by Nick Bjugstad and loses puck.
2:01 of 1st period - Snap shot by Nick Bonino.
2:01 of 1st period - Shot Misses the Net.
3:36 of 1st period - Filip Chytil is hit by Joel Armia and loses puck.
3:43 of 1st period - Snap shot by Evgenii Dadonov.
3:43 of 1st period - Stopped by Elvis Merzlikins with a rebound.
4:12 of 1st period - Erik Haula is hit by Conor Sheary.
4:46 of 1st period - Joe Pavelski is hit by Erik Haula and loses puck.
4:57 of 1st period - Joe Pavelski is hit by Henri Jokiharju and loses puck.
5:26 of 1st period - Snap shot by Evgenii Dadonov.
5:26 of 1st period - Stopped by Elvis Merzlikins without a rebound.
5:27 of 1st period - Morgan Frost wins face-off versus Nick Bjugstad in Devils zone.
6:00 of 1st period - Slapshot by Jordan Staal.
6:00 of 1st period - Stopped by Elvis Merzlikins with a rebound.
6:10 of 1st period - Conor Sheary is hit by Eetu Luostarinen and loses puck.
6:31 of 1st period - Logan Couture is hit by Joel Armia and loses puck.
6:58 of 1st period - Snap shot by Jesper Bratt.
6:58 of 1st period - Stopped by Philipp Grubauer with a rebound.
8:11 of 1st period - Snap shot by Joe Pavelski.
8:11 of 1st period - Stopped by Elvis Merzlikins without a rebound.
8:12 of 1st period - Morgan Frost wins face-off versus Jamie Benn in Devils zone.
8:14 of 1st period - Icing by Torey Krug.
8:15 of 1st period - Jamie Benn wins face-off versus Morgan Frost in Devils zone.
8:26 of 1st period - Snap shot by Jesper Bratt.
8:26 of 1st period - Stopped by Philipp Grubauer with a rebound.
8:30 of 1st period - Wrist shot by Morgan Frost.
8:30 of 1st period - Shot Misses the Net.
8:32 of 1st period - Backhand shot by Johnathan Kovacevic.
8:32 of 1st period - Stopped by Philipp Grubauer with a rebound.
8:34 of 1st period - Wrist shot by Johnathan Kovacevic.
8:34 of 1st period - Stopped by Philipp Grubauer with a rebound.
8:36 of 1st period - Wrist shot by Isac Lundestrom.
8:36 of 1st period - Shot Misses the Net.
8:38 of 1st period - Snap shot by Jesper Bratt.
8:38 of 1st period - Shot Misses the Net.
8:40 of 1st period - Slapshot by Johnathan Kovacevic.
8:40 of 1st period - Deflect By Morgan Frost.
8:40 of 1st period - Stopped by Philipp Grubauer with a rebound.
8:49 of 1st period - Wrist shot by Isac Lundestrom.
8:49 of 1st period - Stopped by Philipp Grubauer without a rebound.
8:50 of 1st period - Joe Pavelski wins face-off versus Logan Couture in Stars zone.
8:50 of 1st period - Joe Pavelski is hit by Teuvo Teravainen.
9:25 of 1st period - Slapshot by Jaycob Megna.
9:25 of 1st period - Stopped by Elvis Merzlikins with a rebound.
10:05 of 1st period - Wrist shot by Jamie Benn.
10:05 of 1st period - Shot Blocked by Isac Lundestrom.
10:07 of 1st period - Slapshot by Calle Jarnkrok.
10:07 of 1st period - Deflect By Jamie Benn.
10:07 of 1st period - Shot Blocked by Teuvo Teravainen.
10:07 of 1st period - Puck is out of play.
10:08 of 1st period - Roope Hintz wins face-off versus Joe Pavelski in Devils zone.
10:13 of 1st period - Wrist shot by Roope Hintz.
10:13 of 1st period - Stopped by Philipp Grubauer with a rebound.
10:15 of 1st period - Backhand shot by Tyler Seguin.
10:15 of 1st period - Stopped by Philipp Grubauer with a rebound.
10:17 of 1st period - Snap shot by Johnathan Kovacevic.
10:17 of 1st period - Stopped by Philipp Grubauer without a rebound.
10:18 of 1st period - Roope Hintz wins face-off versus Conor Sheary in Stars zone.
10:55 of 1st period - Joe Pavelski is hit by Filip Chytil and loses puck.
11:10 of 1st period - Wrist shot by Jordan Martinook.
11:10 of 1st period - Stopped by Elvis Merzlikins with a rebound.
11:54 of 1st period - Wrist shot by Conor Sheary.
11:54 of 1st period - Shot Blocked by Torey Krug.
12:06 of 1st period - Roope Hintz is hit by Ryan Suter and loses puck.
12:33 of 1st period - Slapshot by Torey Krug.
12:33 of 1st period - Deflect By Tyler Seguin.
12:33 of 1st period - Goal by Tyler Seguin - Stars : 0 - Devils : 1.
12:34 of 1st period - Jamie Benn wins face-off versus Logan Couture in neutral zone.
13:09 of 1st period - Off-side.
13:10 of 1st period - Logan Couture wins face-off versus Nick Bjugstad in neutral zone.
13:19 of 1st period - Wrist shot by Viktor Arvidsson.
13:19 of 1st period - Stopped by Philipp Grubauer with a rebound.
14:05 of 1st period - Snap shot by Morgan Frost.
14:05 of 1st period - Stopped by Philipp Grubauer without a rebound.
14:06 of 1st period - Nick Bjugstad wins face-off versus Erik Haula in Stars zone.
14:06 of 1st period - Nick Bjugstad is hit by Eetu Luostarinen.
14:32 of 1st period - Viktor Arvidsson is hit by Calle Jarnkrok and loses puck.
14:57 of 1st period - Backhand shot by Mark Giordano.
14:57 of 1st period - Deflect By Erik Haula.
14:57 of 1st period - Stopped by Elvis Merzlikins without a rebound.
14:58 of 1st period - Nick Bonino wins face-off versus Erik Haula in Devils zone.
14:58 of 1st period - Nick Bonino is hit by Henri Jokiharju.
15:02 of 1st period - Slapshot by Kris Letang.
15:02 of 1st period - Shot Blocked by Henri Jokiharju.
15:30 of 1st period - Slapshot by Kris Letang.
15:30 of 1st period - Stopped by Elvis Merzlikins with a rebound.
15:32 of 1st period - Snap shot by Calle Jarnkrok.
15:32 of 1st period - Shot Misses the Net.
15:46 of 1st period - Slapshot by Gustav Forsling.
15:46 of 1st period - Deflect By Teuvo Teravainen.
15:46 of 1st period - Shot Misses the Net.
15:46 of 1st period - Puck is out of play.
15:47 of 1st period - Nick Bjugstad wins face-off versus Logan Couture in Stars zone.
16:00 of 1st period - Snap shot by Nick Bjugstad.
16:00 of 1st period - Shot Blocked by Victor Hedman.
16:02 of 1st period - Slapshot by Ryan Suter.
16:02 of 1st period - Deflect By Victor Hedman.
16:02 of 1st period - Stopped by Elvis Merzlikins with a rebound.
16:31 of 1st period - Icing by Ryan Pulock.
16:32 of 1st period - Joe Pavelski wins face-off versus Roope Hintz in Devils zone.
16:36 of 1st period - Icing by Tyler Seguin.
16:37 of 1st period - Roope Hintz wins face-off versus Joe Pavelski in Devils zone.
16:48 of 1st period - Wrist shot by Roope Hintz.
16:48 of 1st period - Stopped by Philipp Grubauer without a rebound.
16:49 of 1st period - Logan Couture wins face-off versus Jamie Benn in Stars zone.
17:23 of 1st period - Slapshot by Kris Letang.
17:23 of 1st period - Shot Misses the Net.
17:25 of 1st period - Slapshot by Joel Armia.
17:25 of 1st period - Stopped by Elvis Merzlikins with a rebound.
17:27 of 1st period - Wrist shot by Nick Bjugstad.
17:27 of 1st period - Stopped by Elvis Merzlikins with a rebound.
17:38 of 1st period - Icing by Gustav Forsling.
17:39 of 1st period - Joe Pavelski wins face-off versus Roope Hintz in Devils zone.
17:42 of 1st period - Snap shot by Conor Sheary.
17:42 of 1st period - Stopped by Elvis Merzlikins with a rebound.
18:08 of 1st period - Gustav Forsling is hit by Joe Pavelski and loses puck.
18:21 of 1st period - Mark Giordano is hit by Gustav Forsling and loses puck.
18:44 of 1st period - Wrist shot by Roope Hintz.
18:44 of 1st period - Deflect By Joe Pavelski.
18:44 of 1st period - Shot Blocked by Ryan Suter.
18:44 of 1st period - Puck is out of play.
18:45 of 1st period - Calle Jarnkrok wins face-off versus Logan Couture in Stars zone.
18:47 of 1st period - Minor Penalty to Kris Letang for Interference.
18:48 of 1st period - Jordan Staal wins face-off versus Logan Couture in Stars zone.
Goals for this period are 0 for Stars vs 1 for Devils.
Shots for this period are 12 for Stars vs 13 for Devils.

2nd period


0:01 of 2nd period - Roope Hintz wins face-off versus Jordan Staal in neutral zone.
0:31 of 2nd period - Slapshot by Gustav Forsling.
0:31 of 2nd period - Stopped by Philipp Grubauer with a rebound.
0:33 of 2nd period - Slapshot by Gustav Forsling.
0:33 of 2nd period - Shot Misses the Net.
0:35 of 2nd period - Backhand shot by Gustav Forsling.
0:35 of 2nd period - Shot Blocked by Ryan Suter.
0:37 of 2nd period - Slapshot by Logan Couture.
0:37 of 2nd period - Goal by Logan Couture - Stars : 0 - Devils : 2.
0:38 of 2nd period - Logan Couture wins face-off versus Jamie Benn in neutral zone.
0:43 of 2nd period - Slapshot by Viktor Arvidsson.
0:43 of 2nd period - Stopped by Philipp Grubauer without a rebound.
0:44 of 2nd period - Jamie Benn wins face-off versus Viktor Arvidsson in Stars zone.
0:53 of 2nd period - Shayne Gostisbehere is hit by Teuvo Teravainen and loses puck.
1:00 of 2nd period - Slapshot by Teuvo Teravainen.
1:00 of 2nd period - Shot Blocked by Kris Letang.
1:31 of 2nd period - Icing by Jordan Martinook.
1:32 of 2nd period - Roope Hintz wins face-off versus Joe Pavelski in Stars zone.
2:01 of 2nd period - Wrist shot by Tyler Seguin.
2:01 of 2nd period - Stopped by Philipp Grubauer without a rebound.
2:02 of 2nd period - Logan Couture wins face-off versus Jamie Benn in Stars zone.
2:03 of 2nd period - Snap shot by Viktor Arvidsson.
2:03 of 2nd period - Shot Blocked by Jamie Benn.
2:26 of 2nd period - Icing by Dmitry Kulikov.
2:27 of 2nd period - Erik Haula wins face-off versus Nick Bjugstad in Stars zone.
3:06 of 2nd period - Slapshot by Viktor Arvidsson.
3:06 of 2nd period - Shot Misses the Net.
3:20 of 2nd period - Tyler Seguin is hit by Jordan Martinook and loses puck.
3:43 of 2nd period - Teuvo Teravainen is hit by Tyler Pitlick and loses puck.
3:54 of 2nd period - Johnathan Kovacevic is hit by Liam O'Brien and loses puck.
4:01 of 2nd period - Liam O'Brien is hit by Torey Krug and loses puck.
4:34 of 2nd period - Backhand shot by Nick Bonino.
4:34 of 2nd period - Stopped by Elvis Merzlikins with a rebound.
5:14 of 2nd period - Snap shot by Teuvo Teravainen.
5:14 of 2nd period - Shot Blocked by Tyler Pitlick.
5:28 of 2nd period - Slapshot by Teuvo Teravainen.
5:28 of 2nd period - Deflect By Isac Lundestrom.
5:28 of 2nd period - Shot Blocked by Kris Letang.
5:28 of 2nd period - Puck is out of play.
5:29 of 2nd period - Erik Haula wins face-off versus Jordan Staal in Stars zone.
5:59 of 2nd period - Joel Armia is hit by Victor Hedman and loses puck.
6:20 of 2nd period - Jordan Martinook is hit by Ryan Pulock.
6:40 of 2nd period - Dmitry Kulikov is hit by Erik Haula and loses puck.
6:51 of 2nd period - Snap shot by Joel Armia.
6:51 of 2nd period - Stopped by Elvis Merzlikins with a rebound.
6:55 of 2nd period - Snap shot by Evgenii Dadonov.
6:55 of 2nd period - Stopped by Elvis Merzlikins with a rebound.
7:13 of 2nd period - Roope Hintz is hit by Mark Giordano and loses puck.
7:59 of 2nd period - Icing by Conor Sheary.
8:00 of 2nd period - Joe Pavelski wins face-off versus Roope Hintz in Stars zone.
8:05 of 2nd period - Filip Chytil is hit by Dmitry Kulikov and loses puck.
8:26 of 2nd period - Henri Jokiharju is hit by Dmitry Kulikov and loses puck.
8:33 of 2nd period - Slapshot by Nick Bjugstad.
8:33 of 2nd period - Shot Misses the Net.
9:23 of 2nd period - Tyler Pitlick is hit by Roope Hintz and loses puck.
10:09 of 2nd period - Snap shot by Conor Sheary.
10:09 of 2nd period - Shot Misses the Net.
11:06 of 2nd period - Wrist shot by Jordan Martinook.
11:06 of 2nd period - Stopped by Elvis Merzlikins with a rebound.
11:14 of 2nd period - Tyler Seguin is hit by Ryan Suter and loses puck.
11:36 of 2nd period - Wrist shot by Tyler Seguin.
11:36 of 2nd period - Stopped by Philipp Grubauer with a rebound.
11:38 of 2nd period - Wrist shot by Morgan Frost.
11:38 of 2nd period - Shot Blocked by Kris Letang.
11:40 of 2nd period - Wrist shot by Morgan Frost.
11:40 of 2nd period - Stopped by Philipp Grubauer with a rebound.
11:42 of 2nd period - Slapshot by Gustav Forsling.
11:42 of 2nd period - Shot Misses the Net.
11:44 of 2nd period - Snap shot by Isac Lundestrom.
11:44 of 2nd period - Shot Misses the Net.
11:52 of 2nd period - Slapshot by Tyler Seguin.
11:52 of 2nd period - Stopped by Philipp Grubauer without a rebound.
11:53 of 2nd period - Jamie Benn wins face-off versus Erik Haula in Stars zone.
12:33 of 2nd period - Snap shot by Viktor Arvidsson.
12:33 of 2nd period - Shot Blocked by Mark Giordano.
13:11 of 2nd period - Slapshot by Jesper Bratt.
13:11 of 2nd period - Stopped by Philipp Grubauer with a rebound.
13:38 of 2nd period - Teuvo Teravainen is hit by Jordan Martinook and loses puck.
13:53 of 2nd period - Joe Pavelski is hit by Henri Jokiharju and loses puck.
14:12 of 2nd period - Snap shot by Joe Pavelski.
14:12 of 2nd period - Shot Blocked by Gustav Forsling.
14:18 of 2nd period - Slapshot by Joe Pavelski.
14:18 of 2nd period - Shot Misses the Net.
14:20 of 2nd period - Slapshot by Kris Letang.
14:20 of 2nd period - Shot Blocked by Logan Couture.
14:22 of 2nd period - Wrist shot by Jordan Martinook.
14:22 of 2nd period - Shot Misses the Net.
14:24 of 2nd period - Snap shot by Jordan Martinook.
14:24 of 2nd period - Shot Misses the Net.
14:26 of 2nd period - Snap shot by Conor Sheary.
14:26 of 2nd period - Goal by Conor Sheary - Stars : 1 - Devils : 2.
14:27 of 2nd period - Erik Haula wins face-off versus Jamie Benn in neutral zone.
14:32 of 2nd period - Wrist shot by Jesper Bratt.
14:32 of 2nd period - Shot Misses the Net.
14:34 of 2nd period - Snap shot by Victor Hedman.
14:34 of 2nd period - Stopped by Philipp Grubauer without a rebound.
14:35 of 2nd period - Jamie Benn wins face-off versus Jesper Bratt in Stars zone.
14:42 of 2nd period - Slapshot by Erik Haula.
14:42 of 2nd period - Stopped by Philipp Grubauer with a rebound.
14:44 of 2nd period - Wrist shot by Jesper Bratt.
14:44 of 2nd period - Shot Blocked by Jaycob Megna.
14:52 of 2nd period - Slapshot by Dmitry Kulikov.
14:52 of 2nd period - Shot Misses the Net.
14:58 of 2nd period - Slapshot by Victor Hedman.
14:58 of 2nd period - Deflect By Jesper Bratt.
14:58 of 2nd period - Shot Blocked by Calle Jarnkrok.
14:58 of 2nd period - Puck is out of play.
14:59 of 2nd period - Logan Couture wins face-off versus Nick Bjugstad in Stars zone.
15:00 of 2nd period - Wrist shot by Teuvo Teravainen.
15:00 of 2nd period - Deflect By Viktor Arvidsson.
15:00 of 2nd period - Stopped by Philipp Grubauer with a rebound.
15:06 of 2nd period - Wrist shot by Viktor Arvidsson.
15:06 of 2nd period - Stopped by Philipp Grubauer without a rebound.
15:07 of 2nd period - Nick Bjugstad wins face-off versus Logan Couture in Stars zone.
15:34 of 2nd period - Slapshot by Logan Couture.
15:34 of 2nd period - Stopped by Philipp Grubauer without a rebound.
15:35 of 2nd period - Jamie Benn wins face-off versus Erik Haula in Stars zone.
18:22 of 2nd period - Snap shot by Calle Jarnkrok.
18:22 of 2nd period - Shot Blocked by Henri Jokiharju.
18:41 of 2nd period - Wrist shot by Tyler Pitlick.
18:41 of 2nd period - Stopped by Elvis Merzlikins with a rebound.
18:43 of 2nd period - Snap shot by Liam O'Brien.
18:43 of 2nd period - Stopped by Elvis Merzlikins without a rebound.
18:44 of 2nd period - Jamie Benn wins face-off versus Erik Haula in Devils zone.
18:51 of 2nd period - Slapshot by Jordan Staal.
18:51 of 2nd period - Stopped by Elvis Merzlikins with a rebound.
19:30 of 2nd period - Slapshot by Viktor Arvidsson.
19:30 of 2nd period - Stopped by Philipp Grubauer without a rebound.
19:31 of 2nd period - Nick Bjugstad wins face-off versus Logan Couture in Stars zone.
19:38 of 2nd period - Slapshot by Evgenii Dadonov.
19:38 of 2nd period - Stopped by Elvis Merzlikins with a rebound.
19:45 of 2nd period - Minor Penalty to Gustav Forsling for Holding Stick.
19:46 of 2nd period - Jamie Benn wins face-off versus Logan Couture in Devils zone.
19:52 of 2nd period - Snap shot by Calle Jarnkrok.
19:52 of 2nd period - Stopped by Elvis Merzlikins without a rebound.
19:53 of 2nd period - Jamie Benn wins face-off versus Logan Couture in Devils zone.
Goals for this period are 1 for Stars vs 1 for Devils.
Shots for this period are 10 for Stars vs 14 for Devils.

3rd period


0:01 of 3rd period - Roope Hintz wins face-off versus Jamie Benn in neutral zone.
0:04 of 3rd period - Snap shot by Eetu Luostarinen.
0:04 of 3rd period - Shot Hit the Post.
0:15 of 3rd period - Snap shot by Joe Pavelski.
0:15 of 3rd period - Shot Misses the Net.
0:17 of 3rd period - Slapshot by Evgenii Dadonov.
0:17 of 3rd period - Shot Blocked by Henri Jokiharju.
1:45 of 3rd period - Penalty to Gustav Forsling is over, Gustav Forsling is back on ice.
2:17 of 3rd period - Joe Pavelski is hit by Filip Chytil and loses puck.
4:04 of 3rd period - Jordan Staal is hit by Teuvo Teravainen and loses puck.
4:21 of 3rd period - Wrist shot by Nick Bonino.
4:21 of 3rd period - Stopped by Elvis Merzlikins without a rebound.
4:22 of 3rd period - Erik Haula wins face-off versus Nick Bonino in Devils zone.
5:05 of 3rd period - Slapshot by Filip Chytil.
5:05 of 3rd period - Goal by Filip Chytil - Stars : 1 - Devils : 3.
5:06 of 3rd period - Jamie Benn wins face-off versus Logan Couture in neutral zone.
5:08 of 3rd period - Minor Penalty to Jordan Staal for Hooking.
5:09 of 3rd period - Roope Hintz wins face-off versus Jamie Benn in Stars zone.
5:35 of 3rd period - Jordan Martinook is hit by Logan Couture.
7:08 of 3rd period - Penalty to Jordan Staal is over, Jordan Staal is back on ice.
7:44 of 3rd period - Wrist shot by Evgenii Dadonov.
7:44 of 3rd period - Stopped by Elvis Merzlikins with a rebound.
7:46 of 3rd period - Slapshot by Joel Armia.
7:46 of 3rd period - Stopped by Elvis Merzlikins with a rebound.
7:48 of 3rd period - Wrist shot by Evgenii Dadonov.
7:48 of 3rd period - Stopped by Elvis Merzlikins without a rebound.
7:49 of 3rd period - Roope Hintz wins face-off versus Nick Bjugstad in Devils zone.
7:56 of 3rd period - Slapshot by Gustav Forsling.
7:56 of 3rd period - Stopped by Philipp Grubauer without a rebound.
7:57 of 3rd period - Roope Hintz wins face-off versus Nick Bjugstad in Stars zone.
8:06 of 3rd period - Snap shot by Roope Hintz.
8:06 of 3rd period - Stopped by Philipp Grubauer without a rebound.
8:07 of 3rd period - Logan Couture wins face-off versus Joe Pavelski in Stars zone.
8:10 of 3rd period - Snap shot by Teuvo Teravainen.
8:10 of 3rd period - Shot Misses the Net.
8:12 of 3rd period - Snap shot by Viktor Arvidsson.
8:12 of 3rd period - Stopped by Philipp Grubauer with a rebound.
8:14 of 3rd period - Slapshot by Teuvo Teravainen.
8:14 of 3rd period - Stopped by Philipp Grubauer with a rebound.
8:16 of 3rd period - Wrist shot by Victor Hedman.
8:16 of 3rd period - Stopped by Philipp Grubauer without a rebound.
8:17 of 3rd period - Joe Pavelski wins face-off versus Logan Couture in Stars zone.
8:24 of 3rd period - Wrist shot by Conor Sheary.
8:24 of 3rd period - Stopped by Elvis Merzlikins with a rebound.
8:34 of 3rd period - Joe Pavelski is hit by Teuvo Teravainen and loses puck.
8:47 of 3rd period - Off-side.
8:48 of 3rd period - Erik Haula wins face-off versus Jamie Benn in neutral zone.
8:57 of 3rd period - Henri Jokiharju is hit by Calle Jarnkrok and loses puck.
9:39 of 3rd period - Wrist shot by Teuvo Teravainen.
9:39 of 3rd period - Shot Misses the Net.
9:41 of 3rd period - Wrist shot by Logan Couture.
9:41 of 3rd period - Stopped by Philipp Grubauer with a rebound.
9:43 of 3rd period - Snap shot by Johnathan Kovacevic.
9:43 of 3rd period - Deflect By Shayne Gostisbehere.
9:43 of 3rd period - Stopped by Philipp Grubauer with a rebound.
9:45 of 3rd period - Slapshot by Torey Krug.
9:45 of 3rd period - Deflect By Logan Couture.
9:45 of 3rd period - Stopped by Philipp Grubauer with a rebound.
9:47 of 3rd period - Slapshot by Johnathan Kovacevic.
9:47 of 3rd period - Shot Misses the Net.
10:05 of 3rd period - Wrist shot by Nick Bonino.
10:05 of 3rd period - Shot Blocked by Jesper Bratt.
10:07 of 3rd period - Wrist shot by Liam O'Brien.
10:07 of 3rd period - Stopped by Elvis Merzlikins without a rebound.
10:08 of 3rd period - Jamie Benn wins face-off versus Viktor Arvidsson in Devils zone.
10:41 of 3rd period - Icing by Dmitry Kulikov.
10:42 of 3rd period - Erik Haula wins face-off versus Jordan Martinook in Stars zone.
11:15 of 3rd period - Snap shot by Jesper Bratt.
11:15 of 3rd period - Shot Misses the Net.
11:52 of 3rd period - Slapshot by Conor Sheary.
11:52 of 3rd period - Shot Misses the Net.
11:54 of 3rd period - Snap shot by Conor Sheary.
11:54 of 3rd period - Goal by Conor Sheary - Stars : 2 - Devils : 3.
11:55 of 3rd period - Logan Couture wins face-off versus Jamie Benn in neutral zone.
12:08 of 3rd period - Snap shot by Logan Couture.
12:08 of 3rd period - Stopped by Philipp Grubauer with a rebound.
12:24 of 3rd period - Mark Giordano is hit by Tyler Seguin and loses puck.
12:47 of 3rd period - Wrist shot by Morgan Frost.
12:47 of 3rd period - Shot Blocked by Nick Bonino.
13:52 of 3rd period - Wrist shot by Calle Jarnkrok.
13:52 of 3rd period - Stopped by Elvis Merzlikins without a rebound.
13:53 of 3rd period - Jamie Benn wins face-off versus Roope Hintz in Devils zone.
14:54 of 3rd period - Slapshot by Jordan Staal.
14:54 of 3rd period - Shot Misses the Net.
14:56 of 3rd period - Backhand shot by Jordan Staal.
14:56 of 3rd period - Shot Misses the Net.
14:58 of 3rd period - Slapshot by Jamie Benn.
14:58 of 3rd period - Shot Misses the Net.
15:00 of 3rd period - Slapshot by Ryan Suter.
15:00 of 3rd period - Shot Misses the Net.
15:02 of 3rd period - Slapshot by Ryan Suter.
15:02 of 3rd period - Shot Misses the Net.
15:04 of 3rd period - Slapshot by Ryan Suter.
15:04 of 3rd period - Shot Blocked by Roope Hintz.
15:06 of 3rd period - Slapshot by Ryan Suter.
15:06 of 3rd period - Deflect By Jamie Benn.
15:06 of 3rd period - Shot Blocked by Johnathan Kovacevic.
15:06 of 3rd period - Puck is out of play.
15:07 of 3rd period - Erik Haula wins face-off versus Nick Bjugstad in Devils zone.
15:07 of 3rd period - Erik Haula is hit by Joel Armia.
15:19 of 3rd period - Snap shot by Jesper Bratt.
15:19 of 3rd period - Stopped by Philipp Grubauer with a rebound.
15:21 of 3rd period - Slapshot by Eetu Luostarinen.
15:21 of 3rd period - Stopped by Philipp Grubauer without a rebound.
15:22 of 3rd period - Joe Pavelski wins face-off versus Logan Couture in Stars zone.
15:49 of 3rd period - Gustav Forsling is hit by Joel Armia and loses puck.
16:24 of 3rd period - Slapshot by Joe Pavelski.
16:24 of 3rd period - Deflect By Jordan Martinook.
16:24 of 3rd period - Shot Blocked by Victor Hedman.
16:24 of 3rd period - Puck is out of play.
16:25 of 3rd period - Roope Hintz wins face-off versus Joe Pavelski in Devils zone.
16:42 of 3rd period - Slapshot by Calle Jarnkrok.
16:42 of 3rd period - Shot Blocked by Eetu Luostarinen.
16:44 of 3rd period - Snap shot by Ryan Suter.
16:44 of 3rd period - Stopped by Elvis Merzlikins with a rebound.
16:46 of 3rd period - Slapshot by Ryan Suter.
16:46 of 3rd period - Stopped by Elvis Merzlikins with a rebound.
16:48 of 3rd period - Snap shot by Ryan Suter.
16:48 of 3rd period - Stopped by Elvis Merzlikins with a rebound.
16:50 of 3rd period - Wrist shot by Dmitry Kulikov.
16:50 of 3rd period - Shot Blocked by Erik Haula.
17:24 of 3rd period - Off-side.
17:25 of 3rd period - Roope Hintz wins face-off versus Nick Bjugstad in neutral zone.
17:30 of 3rd period - Snap shot by Roope Hintz.
17:30 of 3rd period - Shot Misses the Net.
17:54 of 3rd period - Snap shot by Jamie Benn.
17:54 of 3rd period - Stopped by Elvis Merzlikins without a rebound.
17:55 of 3rd period - Jamie Benn wins face-off versus Jesper Bratt in Devils zone.
18:17 of 3rd period - Snap shot by Jamie Benn.
18:17 of 3rd period - Stopped by Elvis Merzlikins without a rebound.
18:18 of 3rd period - Nick Bjugstad wins face-off versus Morgan Frost in Devils zone.
18:49 of 3rd period - Snap shot by Erik Haula.
18:49 of 3rd period - Deflect By Jesper Bratt.
18:49 of 3rd period - Shot Blocked by Jamie Benn.
18:49 of 3rd period - Puck is out of play.
18:50 of 3rd period - Craig Berube call a timeout for Stars.
18:50 of 3rd period - Joe Pavelski wins face-off versus Erik Haula in Stars zone.
18:55 of 3rd period - Jesper Bratt is hit by Jamie Benn and loses puck.
19:02 of 3rd period - Stars, Philipp Grubauer is pulled from the net.
19:20 of 3rd period - Slapshot by Jamie Benn.
19:20 of 3rd period - Stopped by Elvis Merzlikins with a rebound.
19:34 of 3rd period - Snap shot by Jesper Bratt.
19:34 of 3rd period - Shot Misses the Net.
19:36 of 3rd period - Slapshot by Victor Hedman.
19:36 of 3rd period - Shot Misses the Net.
19:50 of 3rd period - Slapshot by Jesper Bratt.
19:50 of 3rd period - Goal by Jesper Bratt - Stars : 2 - Devils : 4.
19:50 of 3rd period - Philipp Grubauer from Stars was sent back in the game.
19:51 of 3rd period - Morgan Frost wins face-off versus Jamie Benn in neutral zone.
Goals for this period are 1 for Stars vs 2 for Devils.
Shots for this period are 14 for Stars vs 13 for Devils.